 Dungeon Crawl Stone Soup version 0.21-a0-229-g3587535 (webtiles) character file.

29099 motkurip the Severer (level 13, -13/116 HPs)
             Began as a Minotaur Gladiator on Sept 1, 2017.
             Was a High Priest of Makhleb.
             Mangled by a very large slime creature (51 damage)
             ... on level 12 of the Dungeon.
             The game lasted 00:24:40 (14567 turns).

motkurip the Severer (Minotaur Gladiator)          Turns: 14567, Time: 00:24:41

Health: -13/116    AC: 16    Str: 20    XL:     13   Next: 13%
Magic:  17/17      EV: 14    Int:  5    God:    Makhleb [*****.]
Gold:   974        SH:  6    Dex: 16    Spells: 12/12 levels left

rFire    + . .     SeeInvis +   a - +0 war axe
rCold    + . .     Gourm    .   i - +0 buckler
rNeg     . . .     Faith    .   Z - +4 chain mail {rF+}
rPois    .         Spirit   .   c - +0 hat
rElec    .         Reflect  .   (no cloak)
rCorr    .         Harm     .   Q - +0 pair of gloves
MR       .....                  (no boots)
Stlth    ..........             (no amulet)
HPRegen  0.29/turn              R - ring of see invisible
MPRegen  0.15/turn              g - ring of protection from cold

@: no status effects
A: retaliatory headbutt, horns 2
a: Minor Destruction, Lesser Servant of Makhleb, Major Destruction, Greater
Servant of Makhleb, Renounce Religion


You were on level 12 of the Dungeon.
You worshipped Makhleb.
Makhleb was extremely pleased with you.
You were very hungry.

You visited 3 branches of the dungeon, and saw 17 of its levels.
You also visited: Volcano.

You collected 1230 gold pieces.
You spent 256 gold pieces at shops.

Inventory:

Hand Weapons
 a - a +0 war axe (weapon)
 l - a +0 whip of freezing
Missiles
 d - 2 throwing nets (quivered)
Armour
 c - a +0 hat (worn)
 i - a +0 buckler (worn)
 E - a +0 scale mail of poison resistance
 H - a +0 shield
 Q - a +0 pair of gloves (worn)
 V - +0 fire dragon scales
 Z - a +4 chain mail of fire resistance (worn)
Jewellery
 g - a ring of protection from cold (right hand)
 G - an uncursed ring of resist corrosion
 I - an uncursed ring of stealth
 R - a ring of see invisible (left hand)
Wands
 k - a wand of iceblast (8/15)
 q - a wand of acid (7/15)
 y - a wand of acid (1/15)
 C - a wand of paralysis (10/24)
Scrolls
 b - 2 scrolls of fog
 o - 6 scrolls of recharging
 r - 5 scrolls of enchant armour
 z - 9 scrolls of remove curse
 D - 3 scrolls of blinking
 J - 2 scrolls of enchant weapon
 K - 3 scrolls of brand weapon
 L - 2 scrolls of teleportation
 P - a scroll of fear
 U - 2 scrolls of summoning {unknown}
 X - 2 scrolls of acquirement {unknown}
Potions
 e - 2 potions of agility
 h - 2 potions of degeneration {unknown}
 j - 4 potions of brilliance
 m - a potion of cancellation
 t - a potion of mutation
 u - 5 potions of curing
 v - 2 potions of haste
 w - a potion of might
 B - a potion of magic {unknown}
 N - 3 potions of flight {unknown}
 Y - a potion of heal wounds
Miscellaneous
 s - a phantom mirror
Comestibles
 f - 9 bread rations
 n - 8 meat rations
 A - 8 royal jellies


   Skills:
 + Level 11.4 Fighting
 + Level 15.0 Axes
 - Level 2.0 Throwing
 * Level 9.4 Armour
 + Level 11.1 Dodging
 - Level 7.4 Shields
 + Level 7.7 Invocations


You had 12 spell levels left.
You didn't know any spells.

Dungeon Overview and Level Annotations

Branches:
Dungeon (12/15)            Temple (1/1) D:5            Lair (4/6) D:11
  Swamp (0/4) Lair:4       Spider (0/4) Lair:2
    Orc: D:9-12

Altars:
Cheibriados
Dithmenos
Elyvilon
Fedhas
Gozag
Hepliaklqana
Kikubaaqudgha
Makhleb
Ru
Xom
Yredelemnul
The Shining One

Shops:
D:5 !   D:7 !   D:12 %

Annotations:
D:8 p0werm0de's ghost, novice DgNe
Lair:2 exclusion: 2 oklob plants


Innate Abilities, Weirdness & Mutations

You reflexively headbutt those who attack you in melee.
You have a pair of horns on your head.


Message History

The large slime creature is severely wounded.
You hit the slime creature but do no damage.
You hit the large slime creature but do no damage.
The large slime creature hits you!
The large slime creature barely misses you.
Unknown command.
Your chain mail prevents you from hitting the large slime creature.
The large slime creature is severely wounded.
You slash the slime creature! You slash the large slime creature!
The slime creature hits you!
* * * LOW HITPOINT WARNING * * *
Unknown command.
Two slime creatures merge to form a very large slime creature.
A large slime creature splits.
Unknown command.
Two slime creatures merge to form a large slime creature.
You are feeling very hungry.
There is a stone staircase leading up here.
The very large slime creature hits you!!!
You die...

.#....#.#....#.# #..# #>
.#....#.#....#.# #..# #.
.######.##'###.# #..# #.
...............# #..# #.
...............#### #..# #.
#########'##......#######..# #.
...........#...J...........# #.
...........#####J..........#####.
...............#@................
...............#............).(((
...............#.............####
.............(.#.............# #
#####..........#.........##### #
....#..........#.........# #
....#......#####.........# #
....#.†....#.............# #
....#......#.............## #


You could see a very large slime creature and a large slime creature.

Vanquished Creatures
  A fire dragon (Volcano)
  3 hydras
  2 two-headed ogres (D:11)
  Sonja (Lair:2)
  A lindwurm (Volcano)
  Pikel (D:9)
  A deep elf mage (D:12)
  A cyclops (D:11)
  A molten gargoyle (Volcano)
  4 spiny frogs
  2 komodo dragons (Lair:1)
  A rime drake (Lair:2)
  A polar bear (Lair:3)
  5 trolls
  Grinder (D:5)
  3 hippogriffs
  A slime creature (D:12)
  7 blink frogs
  A redback (Lair:2)
  27 yaks
  A human (D:9)
  17 fire bats (Volcano)
  3 hogs (D:9)
  2 wyverns
  3 steam dragons
  2 wraiths
  2 hungry ghosts
  A soldier ant (D:12)
  4 water moccasins
  11 porcupines
  2 hell hounds (Lair:3)
  4 orc warriors
  A sky beast (D:10)
  3 black bears
  3 phantoms
  2 ice beasts
  2 slaves
  7 ogres
  A wolf (Lair:2)
  11 crocodiles
  6 centaurs
  3 big kobolds
  14 bullfrogs
  A wyvern zombie (D:7)
  6 scorpions
  8 killer bees
  6 howler monkeys
  A crimson imp (D:7)
  A lava snake (Volcano)
  4 bullfrog zombies
  3 centaur zombies
  4 hounds
  A centaur skeleton (D:11)
  12 orc priests
  3 bullfrog skeletons
  7 jellies
  11 orc wizards
  Natasha (thrice) (D:2)
  An iguana (D:10)
  9 worker ants
  A killer bee zombie (D:7)
  A hound zombie (D:6)
  A hound skeleton (D:6)
  12 adders
  A howler monkey skeleton (D:10)
  2 shadow imps
  An ooze (D:2)
  An adder zombie (D:6)
  An adder skeleton (D:7)
  A worm (D:4)
  A dart slug (D:1)
  12 leopard geckos
  51 orcs
  A ball python (D:4)
  6 giant cockroaches
  6 goblins
  9 hobgoblins
  17 kobolds
  A quokka (D:3)
  6 bats
  3 frilled lizards
  A leopard gecko skeleton (D:4)
  A quokka skeleton (D:5)
  4 rats
  A butterfly (D:6)
393 creatures vanquished.

Vanquished Creatures (others)
  A slave (D:9)
  A fungus (D:11)
  A plant (Lair:2)
3 creatures vanquished.

Grand Total: 396 creatures vanquished

Notes
Turn   | Place    | Note
-------+----------+-------------------------------------------
     0 | D:1      | motkurip the Minotaur Gladiator began the quest for the Orb.
     0 | D:1      | Reached XP level 1. HP: 18/18 MP: 0/0
   299 | D:1      | Reached skill level 4 in Axes
   331 | D:1      | Reached XP level 2. HP: 23/25 MP: 1/1
   407 | D:1      | Reached skill level 1 in Shields
   745 | D:2      | Noticed Natasha
   749 | D:2      | Killed Natasha
   749 | D:2      | Reached XP level 3. HP: 24/31 MP: 2/2
   900 | D:2      | Found a basalt altar of Yredelemnul.
   940 | D:2      | Noticed Natasha
   945 | D:2      | Killed Natasha
   945 | D:2      | Reached XP level 4. HP: 28/38 MP: 3/3
  1088 | D:2      | Noticed Natasha
  1101 | D:2      | Killed Natasha
  1101 | D:2      | Reached skill level 5 in Axes
  2011 | D:3      | Found a white marble altar of Elyvilon.
  2035 | D:3      | Reached XP level 5. HP: 44/45 MP: 4/4
  2383 | D:3      | Reached skill level 1 in Armour
  2493 | D:4      | Noticed an ogre
  2500 | D:4      | Killed an ogre
  2500 | D:4      | Reached skill level 6 in Axes
  2500 | D:4      | Reached XP level 6. HP: 46/52 MP: 5/5
  2734 | D:4      | Reached XP level 7. HP: 38/60 MP: 6/6
  3027 | D:4      | Reached skill level 7 in Axes
  3202 | D:4      | Reached skill level 5 in Fighting
  3600 | D:5      | Entered Level 5 of the Dungeon
  3705 | D:5      | Noticed Grinder
  3705 | D:5      | Paralysed by Grinder for 2 turns
  3709 | D:5      | Killed Grinder
  3709 | D:5      | Reached skill level 8 in Axes
  3709 | D:5      | Reached XP level 8. HP: 56/69 MP: 7/7
  4132 | D:5      | Found a staircase to the Ecumenical Temple.
  4217 | Temple   | Entered the Ecumenical Temple
  4231 | Temple   | Became a worshipper of Makhleb the Destroyer
  4324 | D:5      | Found Vukimpof's Distillery.
  4327 | D:5      | Bought a potion of berserk rage for 70 gold pieces
  4327 | D:5      | Bought a potion of agility for 56 gold pieces
  4835 | D:6      | HP: 4/105 [orc warrior/trident (6)]
  4842 | D:6      | Found a runed door.
  5176 | D:6      | Reached skill level 9 in Axes
  5176 | D:6      | Reached skill level 5 in Armour
  5436 | D:6      | Found a runed door.
  5450 | D:6      | Reached skill level 5 in Dodging
  5453 | D:6      | Reached * piety under Makhleb
  5514 | D:7      | Found Ceagacao's Distillery.
  5526 | D:7      | Bought a potion of resistance for 130 gold pieces
  5556 | D:7      | Reached XP level 9. HP: 65/78 MP: 8/8
  5829 | D:7      | Reached skill level 10 in Axes
  6334 | D:7      | Reached ** piety under Makhleb
  7069 | D:8      | Noticed a troll
  7086 | D:8      | Killed a troll
  7086 | D:8      | Reached skill level 11 in Axes
  7320 | D:8      | Noticed p0werm0de's ghost (novice DgNe)
  8007 | D:9      | Reached XP level 10. HP: 58/88 MP: 9/9
  8015 | D:9      | Noticed Pikel
  8354 | D:9      | Killed Pikel
  8354 | D:9      | Reached skill level 12 in Axes
  9147 | D:9      | Reached skill level 1 in Invocations
  9155 | D:9      | Reached *** piety under Makhleb
  9234 | D:10     | Entered Level 10 of the Dungeon
  9793 | D:10     | Reached XP level 11. HP: 97/97 MP: 11/11
  9811 | D:10     | Reached skill level 13 in Axes
 10026 | D:11     | Reached **** piety under Makhleb
 10155 | D:11     | Found a staircase to the Lair.
 10402 | D:11     | Noticed a two-headed ogre
 10402 | D:11     | Noticed a two-headed ogre
 10413 | D:11     | Killed a two-headed ogre
 10418 | D:11     | Killed a two-headed ogre
 10418 | D:11     | Reached skill level 14 in Axes
 10520 | Lair:1   | Entered Level 1 of the Lair of Beasts
 10588 | Lair:1   | Reached skill level 10 in Fighting
 10623 | Lair:1   | Reached skill level 5 in Shields
 10649 | Lair:1   | Noticed an eight-headed hydra
 10665 | Lair:1   | Killed an eight-headed hydra
 10912 | Lair:1   | Reached skill level 5 in Invocations
 11055 | Lair:1   | Reached XP level 12. HP: 89/106 MP: 14/14
 11100 | Lair:1   | Reached ***** piety under Makhleb
 11602 | Lair:2   | Noticed Sonja
 11610 | Lair:2   | Killed Sonja
 11610 | Lair:2   | Reached skill level 10 in Dodging
 11626 | Lair:2   | Noticed a five-headed hydra
 11642 | Lair:2   | Killed a five-headed hydra
 11868 | Lair:2   | Found a hole to the Spider Nest.
 12322 | Lair:3   | Found a dark tunnel.
 12431 | Volcano  | Entered a volcano
 12677 | Volcano  | Noticed a fire dragon
 12771 | Volcano  | Found a burning altar of Makhleb.
 12783 | Volcano  | Killed a fire dragon
 13037 | Lair:3   | Noticed a four-headed hydra
 13065 | Lair:3   | Killed a four-headed hydra
 13703 | Lair:4   | Found a staircase to the Swamp.
 13733 | Lair:4   | Reached XP level 13. HP: 116/116 MP: 17/17
 13934 | D:12     | Found Ohouwamn's Food Shop.
 14271 | D:12     | Reached skill level 15 in Axes
 14567 | D:12     | Mangled by a very large slime creature

Vault maps used:
D:1:      dpeg_arrival_oval, corexii_hall_statues_t
D:2:      nicolae_overflow_crystal_walls, uniq_natasha
D:3:      elyvilon_altar_3
D:4:      minmay_ruptured
D:5:      minmay_temple_entry_enclosed_plants, serial_shops,
          nicolae_shop_window_shopping, portal_sewer_entry_d, first_bread,
          uniq_grinder
D:6:      lemuel_insect_pit, hangedman_decor_push
D:7:      serial_shops, shop
D:9:      serial_glass, glass_columns_b, glass_columns_b, grunt_livestock,
          uniq_pikel
D:11:     grunt_lair_entry_orc_guard_hut
D:12:     orc_0_dummy, serial_shops, shop
Temple:   nicolae_temple_the_god_donut
Lair:1:   beast_lair_carwin_6, grunt_megastairs_1
Lair:2:   spider_nest_entry_webs, beast_lair_carwin_5,
          minmay_lair_oklob_chamber, uniq_sonja
Lair:3:   enter_volcano_3
Lair:4:   swamp_mist_pool, beast_lair_carwin_9, grunt_megastairs_3, uniq_kirke
Volcano:  volcano_grotto

Skill      XL: |  1  2  3  4  5  6  7  8  9 10 11 12 13 |
---------------+----------------------------------------+-----
Axes           | 4 5 6 8 9 11 12 14 15 | 15.0
Shields        | 2 3 4 6 7 |  7.4
Fighting       | 3 4 5 6 7 9 10 11 | 11.4
Armour         | 2 4 5 7 8 9 |  9.4
Dodging        | 4 5 6 7 9 11 | 11.1
Invocations    | 2 5 7 |  7.7
Throwing       | |  2.0

Action                   |  1- 3 |  4- 6 |  7- 9 | 10-12 | 13-15 || total
-------------------------+-------+-------+-------+-------+-------++-------
Melee: War axe           |    35 |   110 |   361 |   653 |    82 ||  1241
       Headbutt          |     5 |    27 |    90 |   175 |    25 ||   322
       Whip              |       |       |       |    37 |       ||    37
Throw: Throwing net      |       |     2 |       |       |       ||     2
       Javelin           |       |       |     2 |       |       ||     2
Invok: Lesser Servant of |       |       |       |     1 |       ||     1
Evoke: Wand              |       |       |       |     3 |       ||     3
  Use: Potion            |       |     1 |     5 |     6 |       ||    12
       Scroll            |       |       |    17 |     6 |     4 ||    27
 Stab: Paralysed         |       |       |       |     2 |       ||     2
  Eat: Chunk             |       |     5 |     5 |    14 |       ||    24
       Fruit             |       |       |     4 |    11 |       ||    15
       Royal jelly       |       |       |     2 |     1 |       ||     3
       Meat ration       |       |       |     1 |       |       ||     1
Armor: Leather armour    |    10 |     8 |       |       |       ||    18
       Chain mail        |       |    17 |       |    11 |    22 ||    50
       Ring mail         |       |    14 |    52 |    30 |       ||    96
       Scale mail        |       |       |    28 |    90 |     3 ||   121
Dodge: Dodged            |    36 |    58 |   156 |   350 |    56 ||   656
Block: Buckler           |     4 |    16 |    81 |   133 |    24 ||   258

Table legend:
 A = Spawn XP
 B = Non-spawn XP
 C = Spawn XP percentage of total XP
 D = Spawn monster count
 E = Non-spawn monster count
 F = Spawn count percentage of total count
 G = Total turns spent on level
                    A         B        C        D         E        F      G
               +---------+---------+-------+---------+---------+-------+---------
         Total |    4414 |   37156 |  10.6 |      37 |     353 |   9.5 | 14567
               +---------+---------+-------+---------+---------+-------+---------
           D:1 |       1 |      25 |   3.8 |       1 |      12 |   7.7 |   686
           D:2 |      25 |     123 |  16.9 |       8 |       9 |  47.1 |  1173
           D:3 |       2 |      83 |   2.4 |       1 |      16 |   5.9 |   563
           D:4 |     169 |     742 |  18.6 |       5 |      33 |  13.2 |  1178
           D:5 |      43 |     465 |   8.5 |       1 |      11 |   8.3 |   933
           D:6 |     145 |     942 |  13.3 |       2 |      26 |   7.1 |   964
           D:7 |     379 |     856 |  30.7 |       4 |      24 |  14.3 |  1444
           D:8 |     269 |    1047 |  20.4 |       2 |      22 |   8.3 |  1140
           D:9 |     429 |    2855 |  13.1 |       2 |      18 |  10.0 |  1126
          D:10 |       0 |    2539 |   0.0 |       0 |      22 |   0.0 |   638
          D:11 |    1516 |    4864 |  23.8 |       7 |      50 |  12.3 |   704
          D:12 |     419 |    2533 |  14.2 |       2 |      25 |   7.4 |   687
        Lair:1 |       0 |    6411 |   0.0 |       0 |      28 |   0.0 |  1029
        Lair:2 |      93 |    4754 |   1.9 |       1 |      17 |   5.6 |   779
        Lair:3 |     924 |    2050 |  31.1 |       1 |      13 |   7.1 |  1014
        Lair:4 |       0 |     904 |   0.0 |       0 |       4 |   0.0 |    43
       Volcano |       0 |    5963 |   0.0 |       0 |      23 |   0.0 |   439
               +---------+---------+-------+---------+---------+-------+---------
